 Dungeon Crawl Stone Soup version 0.30.0-29-ga12c61a403 (webtiles) character file.

Game seed: 9246981948076973686

100 Ijustatesigmund the Stinger (level 4, 0/43 HPs)
             Began as an Octopode Venom Mage on June 14, 2023.
             Slain by an orc wizard
             ... wielding a +0 dagger
              (1 damage)
             ... on level 3 of the Dungeon.
             The game lasted 00:05:24 (2853 turns).

Ijustatesigmund the Stinger (Octopode Venom Mage)   Turns: 2853, Time: 00:05:24

Health: 0/43       AC:  1    Str:  7    XL:     4   Next: 73%
Magic:  3/8        EV: 13    Int: 19    God:
Gold:   108        SH:  0    Dex: 12    Spells: 2/8 levels left

rFire   . . .        e - +0 scimitar
rCold   . . .        (no shield)
rNeg    . . .        (helmet restricted)
rPois   .            (no amulet)
rElec   .            (no ring)
rCorr   .            (no ring)
SInv    .            (no ring)
Will    .....        (no ring) Stlth
                     (no ring)
HPRegen 0.27/turn    (no ring)
MPRegen 0.11/turn    (no ring)
                     (no ring)

%: no passive effects
@: confused, berserking, studying Stealth, very quick
A: almost no armour, amphibious, 8 rings, camouflage 1, gelatinous body 1,
(nimble swimmer 1), tentacles
a: no special abilities


You were on level 3 of the Dungeon.
You visited 1 branch of the dungeon, and saw 3 of its levels.

You collected 108 gold pieces.

Inventory:

Hand Weapons
 e - a +0 scimitar (weapon)
Scrolls
 c - a scroll of teleportation
 g - 4 scrolls of identify
 i - a scroll of fog {unknown}
Potions
 a - a potion of magic
 b - a potion of curing {unknown}
 d - a potion of attraction
 h - a potion of brilliance


   Skills:
 + Level 1.8 Fighting
 - Level 2.0 Dodging
 - Level 2.6 Stealth
 + Level 2.9 Spellcasting
 + Level 0.0 Conjurations
 - Level 1.0 Transmutations
 + Level 1.4 Air Magic
 + Level 4.5 Poison Magic


You had 2 spell levels left.
You knew the following spells:

 Your Spells              Type           Power      Damage    Failure   Level
a - Sting                 Tmut/Pois      52%        1d5       4%          1
b - Poisonous Vapours     Pois/Air       28%        N/A       7%          2
c - Mephitic Cloud        Conj/Pois/Air  10%        N/A       21%         3

Your spell library contained the following spells:

 Spells                   Type           Power      Damage    Failure   Level
 Olgreb's Toxic Radiance  Pois           20%        N/A       24%         4


Dungeon Overview and Level Annotations

Branches:
Dungeon (3/15)

Altars:
Yredelemnul


Innate Abilities, Weirdness & Mutations

You cannot wear most types of armour.
You are amphibious.
You can wear up to eight rings at the same time.
Your skin changes colour to match your surroundings (Stealth+).
Your rubbery body absorbs attacks. (AC +1, EV +1)
((You are camouflaged when in or above water. (Stealth+)))
You have tentacles for arms and can constrict up to eight enemies at once.


Message History

Press: ? - help, Dir - move target, f/p - orc wizard
Aim: an orc wizard, wielding a +0 dagger and wearing a +0 robe (lightly wounded, poisoned) Poisonous vapours surround the orc wizard!
The orc wizard looks even sicker.
The orc barely misses you.
The orc wizard mumbles some strange words.
The orc wizard flickers and vanishes!
Deactivating autopickup; reactivate with Ctrl-A.
You hit the orc. You grab the orc. You squeeze the orc.
You kill the orc!
You hear some strange, mumbled words.
You are confused.
The hobgoblin hits you.
You bump into the rock wall.
The hobgoblin misses you.
You slash the hobgoblin!
You kill the hobgoblin!
Something hits you.
You bump into the rock wall.
Something hits you.
You bump into the rock wall.
You feel less confused. Something completely misses you.
Something barely misses you.
You hear some strange, mumbled words.
Something tries to affect you, but you resist.
You hear some strange, mumbled words.
A puff of flame appears from out of thin air!
The puff of flame hits you!
* * * LOW HITPOINT WARNING * * *
You closely miss something. Something hits you.
* * * LOW HITPOINT WARNING * * *
A red film seems to cover your vision as you go berserk!
You feel yourself moving faster!
You feel mighty!
You hear some strange, mumbled words.
You are confused.
You miss something.
You hear some strange, mumbled words.
A magic dart appears from out of thin air!
The magic dart hits you!
* * * LOW HITPOINT WARNING * * *
You closely miss something. Something hits you.
You die...

#.#..### ##.######
.......####.#.#...#
#...>......###....#
#....#.####.#†#...#...
#............###.##..#
##...#.####### #.# ..#
##...#.# #.# ..#
.....#.#### #.# ..#
.#........# #@#
..##### †#...#.##.#
#{##)...... .#...#.##
#...# ...>....# ###.#
........# #.#
........# #.#
###...#.# ...
####.##.#.# #..
..........# #..#


There were no monsters in sight!

Vanquished Creatures
  2 adders (D:3)
  A worm (D:2)
  4 dart slugs
  3 orcs (D:3)
  7 ball pythons
  7 bats
  3 endoplasms
  4 giant cockroaches
  6 goblins
  6 hobgoblins
  3 jackals (D:1)
  5 kobolds
  5 quokkas
  6 frilled lizards
  2 rats (D:2)
64 creatures vanquished.

Notes
Turn   | Place    | Note
-------+----------+-------------------------------------------
     0 | D:1      | Ijustatesigmund the Octopode Venom Mage began the quest for
                  | the Orb.
     0 | D:1      | Reached XP level 1. HP: 11/11 MP: 3/3
   105 | D:1      | Reached XP level 2. HP: 18/18 MP: 5/5
   214 | D:1      | Reached skill level 1 in Fighting
   300 | D:1      | Reached skill level 4 in Poison Magic
   362 | D:1      | Learned a level 2 spell: Poisonous Vapours
   529 | D:1      | Reached XP level 3. HP: 16/23 MP: 3/6
  1685 | D:2      | Reached skill level 1 in Air Magic
  1727 | D:2      | Found a basalt altar of Yredelemnul.
  1820 | D:2      | Reached XP level 4. HP: 25/28 MP: 5/8
  2827 | D:3      | Learned a level 3 spell: Mephitic Cloud
  2852 | D:3      | HP: 1/43 [something/magic dart (8)]
  2853 | D:3      | Slain by an orc wizard

Illustrated notes

Levels and vault maps discovered:
D:1:      dpeg_arrival_shelter, layout_basic
D:2:      layout_loops_cross, basic_altar, eino_curves_03
D:3:      layout_loops_ring, minmay_circle_x

Skill      XL: |  1  2  3 |
---------------+----------+-----
Fighting       | 1 |  1.8
Poison Magic   | 4 |  4.5
Air Magic      | 1 |  1.4
Dodging        | |  2.0
Stealth        | |  2.6
Spellcasting   | |  2.9
Transmutations | |  1.0

Action                     |  1- 3 |  4- 6 || total
---------------------------+-------+-------++-------
  Melee: Unarmed           |    46 |       ||    46
         Constrict         |    23 |    10 ||    33
         Tentacles         |    20 |     5 ||    25
         Short sword       |    42 |    16 ||    58
         Scimitar          |       |    19 ||    19
   Cast: Poisonous Vapours |    20 |    12 ||    32
         Sting             |     7 |     1 ||     8
         Mephitic Cloud    |       |     1 ||     1
    Use: Scroll            |       |     6 ||     6
         Potion            |       |     1 ||     1
   Stab: Sleeping          |     7 |     3 ||    10
 Armour: Skin              |     6 |     4 ||    10
  Dodge: Dodged            |    53 |    28 ||    81
